 Dungeon Crawl Stone Soup version 0.19.5 (webtiles) character file.

631770 Azzok the Merry Centaur (level 26, -10/266 HPs)
             Began as a Centaur Berserker on June 3, 2017.
             Was a Follower of the Shining One.
             Mangled by a deep troll (11 damage)
             ... created by the rage of Trog
             ... on level 3 of the Vaults.
             The game lasted 03:55:45 (76634 turns).

Azzok the Merry Centaur (Centaur Berserker)        Turns: 76634, Time: 03:55:45

Health: -10/266    AC: 41    Str: 26    XL:     26   Next: 81%
Magic:  24/24      EV:  4    Int:  6    God:    the Shining One [*.....]
Gold:   4802       SH:  0    Dex: 14    Spells: 0 memorised, 25 levels left

rFire  + + +     SeeInvis +     a - +9 longbow (velocity)
rCold  + + .     Gourm    .     O - +3 gold dragon scales
rNeg   . . .     Faith    .     (shield currently unavailable)
rPois  +         Spirit   .     w - +2 helmet {SInv}
rElec  +         Reflect  .     g - +2 cloak {MR+}
rCorr  .         Harm     .     n - +0 pair of gloves {Dex+3}
MR     +++++     Clarity  +     L - +0 centaur barding
Stlth  ..........               i - amulet of Konoc {RegenMP rElec MR++ Int-4}
                                y - ring "Wakauwou" {rF+ MR+ Str-4 Int+4}
                                d - ring of protection from fire

@: glowing, drained, very quick
A: hooves 3, clarity, cold resistance 1, deformed body, speed 2, poison
resistance, screaming 1, tough skin 3, evolution 1
a: Renounce Religion
}: 4/15 runes: serpentine, barnacled, slimy, silver


You were on level 3 of the Vaults.
You worshipped the Shining One.
The Shining One was aware of your devotion.
You were hungry.

You visited 11 branches of the dungeon, and saw 51 of its levels.
You also visited: Trove, Sewer and Ice Cave.

You collected 7099 gold pieces.
You spent 2297 gold pieces at shops.

Inventory:

Hand Weapons
 a - a +9 longbow of velocity (weapon)
 b - the +14 broad axe of Ytzokehu {chop, +Inv Str+3 Dex+3}
   (Trog gifted it to you on level 8 of the Dungeon)

   It inflicts extra damage upon your enemies.
   It affects your strength (+3).
   It affects your dexterity (+3).
   It lets you turn invisible.
 Y - a +9 longbow of velocity
Missiles
 e - 1469 arrows (quivered)
Armour
 g - a +2 cloak of magic resistance (worn)
 n - a +0 pair of gloves of dexterity (worn)
 w - a +2 helmet of see invisible (worn)
 L - a +0 centaur barding (worn)
 O - +3 gold dragon scales (worn)
Rods
 k - a +0 rod of ignition (12/12)
   (You found it on level 1 of the Crypt)
Jewellery
 d - a ring of protection from fire (left hand)
 i - the amulet of Konoc (around neck) {RegenMP rElec MR++ Int-4}
   (You acquired it on level 3 of the Depths)

   [amulet of magic regeneration]

   It increases your magic regeneration.
   It affects your intelligence (-4).
   It insulates you from electricity.
   It affects your resistance to hostile enchantments.
 s - an uncursed ring of flight
 v - an uncursed ring of resist corrosion
 y - the ring "Wakauwou" (right hand) {rF+ MR+ Str-4 Int+4}
   (You found it on level 5 of the Vaults)

   [ring of protection from fire]

   It affects your strength (-4).
   It affects your intelligence (+4).
   It protects you from fire.
   It affects your resistance to hostile enchantments.
 K - the ring of Acosoneb {rC+ Dex+5}
   (You acquired it on level 1 of the Depths)

   [ring of dexterity]

   It affects your dexterity (+5).
   It protects you from cold.
Wands
 r - a wand of teleportation (4/9)
 N - a wand of teleportation (3/9)
 Z - a wand of digging (8/24)
Scrolls
 j - 17 scrolls of teleportation
 m - 26 scrolls of remove curse
 q - 4 scrolls of fear
 u - 4 scrolls of blinking
 z - 3 scrolls of holy word
 F - 5 scrolls of identify
 H - 8 scrolls of fog
 T - 4 scrolls of magic mapping
Potions
 f - 6 potions of heal wounds
 h - 6 potions of agility
 o - 26 potions of curing
 A - a potion of magic
 B - 3 potions of cancellation
 G - a potion of experience
 J - 3 potions of might
 M - 8 potions of haste
 Q - 4 potions of resistance
Books
 x - a book of Misfortune

   Spells                             Type                      Level
   a - Confusing Touch                Hexes                        1
   b - Confuse                        Hexes                        3
   c - Gell's Gravitas                Hexes/Translocation          3
   d - Petrify                        Transmutation/Earth          4
   e - Metabolic Englaciation         Hexes/Ice                    5
   f - Yara's Violent Unravelling     Hexes/Transmutation          5
Comestibles
 c - 26 bread rations {@e1}
 l - 22 meat rations {@e2}
 p - 22 fruits
 t - 14 beef jerkies
 C - 3 royal jellies
 P - 16 slices of pizza


   Skills:
 O Level 27(26.7) Fighting
   Level 2.8(2.7) Long Blades
 O Level 27(26.7) Bows
 - Level 21.7(21.5) Armour
 - Level 1.7(1.6) Dodging
 + Level 2.3(2.2) Invocations


You had 25 spell levels left.
You didn't know any spells.

Dungeon Overview and Level Annotations

Branches:
Dungeon (15/15)            Temple (1/1) D:5            Lair (6/6) D:9
 Shoals (4/4) Lair:3        Snake (4/4) Lair:4        Slime (5/5) Lair:5
    Orc (2/2) D:12            Elf (3/3) Orc:2        Vaults (5/5) D:14
  Crypt (1/3) Vaults:3     Depths (5/5) D:15            Zot (0/5) Depths:5

Altars:
Ashenzari
Cheibriados
Dithmenos
Elyvilon
Fedhas
Gozag
Hepliaklqana
Kikubaaqudgha
Makhleb
Nemelex Xobeh
Okawaru
Qazlal
Ru
Sif Muna
Vehumet
Xom
Yredelemnul
Zin
The Shining One
Beogh
Jiyva

Shops:
D:4 *   D:8 :=(=   D:9 (   Orc:2 %![}   Elf:2 %[   Elf:3 [%}=   Shoals:1 (
Shoals:3 *   Vaults:3 *   Vaults:5 %   Depths:1 !}=}   Depths:4 }

Portals:
Hell: Depths:1 Depths:2 Depths:3 Depths:4 Depths:5
Abyss: Depths:2 Depths:3 Depths:4
Pandemonium: Orc:2 Depths:2 Depths:3
Ziggurat: Depths:1

Annotations:
Slime:4 Dissolution


Innate Abilities, Weirdness & Mutations

You have hooves in place of feet.
Armour fits poorly on your strangely shaped body.
You cover ground very quickly.
You have extremely tough skin. (AC +3)
You possess an exceptional clarity of mind.
Your flesh is cold resistant. (rC+)
Your system is resistant to poisons. (rPois)
You occasionally shout uncontrollably at your foes.
You evolve.


Message History

You take 22 damage, and have 34/266 hp.
As you read the scroll of fear, it crumbles to dust.
You assume a fearsome visage.
The deep troll bites you but does no damage.
The deep troll claws you but does no damage.
The deep troll claws you!
* * * LOW HITPOINT WARNING * * *
You hear a shout!
You take 6 damage, and have 28/266 hp.
You feel much better. The deep troll barely misses you.
The deep troll claws you!
* * * LOW HITPOINT WARNING * * *
The deep troll claws you!
* * * LOW HITPOINT WARNING * * *
The ogre hits you with a giant club!
* * * LOW HITPOINT WARNING * * *
The deep troll bites you!
* * * LOW HITPOINT WARNING * * *
The deep troll claws you!
You die...

·····▒······▒·······▒·····)·····▒
▒▒▒▒▒▒······'·······'···········▒
▒▒▒▒▒▒▒▒·······▒···········▒
▒·······▒···········▒
▒▒▒▒▒▒▒▒▒···········▒
▒▒▒▒▒▒▒▒▒▒▒▒▒···········▒
▒···········▒···········'
▒·▒···▒···▒·▒···········'
▒·······@···'·····)·)·)·(
▒▒▒▒▒▒▒▒▒···▒··T▒O··▒···········▒
(·······▒········[··▒▒▒▒▒▒▒▒▒▒▒▒▒
········▒·▒···>···▒·▒ ▒
········▒···········▒ ▒
········▒···▒···▒···▒ ▒
········'···········▒
········▒·▒···▒···▒·▒▒▒▒▒▒▒▒▒▒▒▒▒
▒▒⌠·⌠▒▒▒▒···········'······▒·····


You could see a deep troll (berserk) and an ogre (berserk).

Vanquished Creatures
  the Royal Jelly (Slime:5)
  An ancient lich (Vaults:4)
  The ghost of mcbry the Phalangite, a master MfGl of Okawaru (Slime:5)
  Sojobo (Vaults:2)
  Saint Roka (Vaults:4)
  A caustic shrike (shapeshifter) (Vaults:5)
  5 golden dragons
  Nikola (Vaults:1)
  The ghost of Azzok the Merry Centaur, an adept CeBe of Trog (Elf:3)
  3 liches
  3 tentacled monstrosities
  2 deep elf blademasters (Elf:3)
  6 titans
  A deep elf master archer (Elf:3)
  A sphinx (Vaults:4)
  2 krakens
  5 storm dragons
  21 acid blobs
  8 shadow dragons
  11 tengu reavers
  Donald (Shoals:1)
  11 nagarajas
  Ilsuiw (Shoals:4)
  11 azure jellies
  3 iron dragons
  The ghost of Azzok the Crack Shot, a journeyman MiFi of Okawaru (Shoals:1)
  A draconian knight (Depths:5)
  7 deep elf sorcerers
  5 fire giants
  13 frost giants
  15 vault wardens
  Aizul (Vaults:1)
  6 deep elf elementalists
  Louise (Snake:3)
  22 ironheart preservers
  2 curse skulls (Crypt:1)
  22 stone giants
  3 entropy weavers
  26 very ugly things
  A spriggan defender (Depths:4)
  A draconian caller (Depths:5)
  7 vampire knights
  3 war gargoyles (Vaults:5)
  A green draconian (Depths:5)
  A black draconian (Depths:5)
  11 deep elf demonologists
  2 yellow draconians (Depths:5)
  6 spark wasps
  A white draconian (Depths:5)
  A purple draconian (Depths:5)
  6 merfolk javelineers (Shoals:4)
  6 deep elf annihilators
  An eidolon (Crypt:1)
  14 ettins
  7 deep elf death magi
  13 fire dragons
  3 crystal guardians
  6 merfolk impalers
  5 jiangshi
  5 death oozes (Slime:5)
  Erolcha (D:9)
  6 deep elf high priests
  29 yaktaur captains
  10 great orbs of eyes
  15 hydras
  Harold (D:10)
  7 rakshasas
  34 vault guards
  The ghost of Azzok the Fighter, a novice CeBe of Trog (D:8)
  5 ice dragons
  3 alligator snapping turtles
  15 naga warriors
  14 anacondas
  16 centaur warriors
  4 merfolk aquamancers
  3 satyrs
  4 death knights
  8 tengu warriors
  A satyr (shapeshifter) (Depths:5)
  3 deep troll shamans
  21 ogre magi
  24 dancing weapons
  3 merfolk avatars
  2 hell hogs (Depths:3)
  5 deep troll earth magi
  2 spriggan berserkers
  4 vampire magi (Depths:3)
  Urug (D:10)
  6 shock serpents
  6 death yaks
  9 orc high priests (Orc:2)
  Sonja (D:10)
  7 hell knights
  A titan zombie (Vaults:3)
  23 naga sharpshooters
  18 deep elf knights
  Nergalle (Orc:1)
  A soul eater (Orc:2)
  A death drake (shapeshifter) (Vaults:5)
  A shadow wraith (Vaults:2)
  3 skeletal warriors (Vaults:1)
  9 sea snakes
  14 deep trolls
  3 salamander mystics
  2 fire crabs
  A torturous demonspawn (Orc:2)
  7 unseen horrors
  5 glowing orange brains
  3 flayed ghosts
  14 ironbrand convokers
  12 naga ritualists
  6 hill giants
  15 phantasmal warriors
  A deep troll (shapeshifter) (D:15)
  23 harpies
  9 deep elf archers
  2 infernal demonspawn (Orc:2)
  28 orc knights
  5 wizards
  10 necromancers
  An orange crystal statue (D:12)
  81 deep elf magi
  3 wolf spiders
  13 mana vipers
  2 fire giant zombies (Depths:3)
  5 human zombies
  A faun (shapeshifter) (Vaults:5)
  3 orb spiders (shapeshifter)
  8 orc sorcerers
  37 ugly things
  12 cyclopes
  6 fauns (Shoals:3)
  15 salamanders
  A stone giant skeleton (Vaults:2)
  3 shining eyes
  An elephant (shapeshifter) (Depths:4)
  4 frost giant zombies (Depths:3)
  13 manticores
  33 black mambas
  14 vault sentinels
  A torpor snail (Lair:6)
  2 eyes of devastation
  A torpor snail (shapeshifter) (Vaults:5)
  7 sirens
  5 guardian serpents
  An ice statue (IceCv)
  3 molten gargoyles (Lair:6)
  2 water nymphs
  36 naga magi
  21 elephants
  A black mamba (shapeshifter) (D:15)
  4 gargoyles
  A guardian serpent (shapeshifter) (Vaults:1)
  A smoke demon (Orc:2)
  5 spectral swamp worms (Depths:5)
  5 centaur zombies
  15 spiny frogs
  3 rime drakes
  49 yaktaurs
  17 freezing wraiths
  4 komodo dragons
  2 yaktaurs (shapeshifter)
  A komodo dragon (shapeshifter) (Vaults:5)
  3 hellwings
  An efreet (D:15)
  A queen bee (shapeshifter) (Vaults:2)
  8 tengu conjurers
  18 trolls
  6 wind drakes
  2 two-headed ogres (shapeshifter)
  2 polar bears (Lair:5)
  A meliai (shapeshifter) (Vaults:1)
  A sphinx simulacrum (Vaults:3)
  4 blink frogs (Lair:6)
  19 merfolk
  Grinder (D:5)
  24 two-headed ogres
  5 hornets
  8 snapping turtles
  2 raiju (Depths:3)
  A hornet (shapeshifter) (Depths:2)
  10 hippogriffs
  93 slime creatures
  A meliai zombie (D:9)
  19 dream sheep
  A fire giant simulacrum (Vaults:1)
  2 ynoxinuls (Orc:2)
  6 flying skulls (Depths:3)
  2 air elementals (Elf:3)
  3 shadows
  3 redbacks
  11 water elementals
  An ettin skeleton (Vaults:5)
  Sigmund (D:6)
  A tarantella (Vaults:4)
  30 yaks
  A vampire (D:13)
  14 wyverns
  3 hogs (D:7)
  A human (shapeshifter) (Vaults:2)
  3 fire elementals
  6 golden eyes
  3 wraiths
  Grum (Lair:1)
  A yak (shapeshifter) (D:15)
  A human (D:7)
  Eustachio (D:4)
  A golden eye (shapeshifter) (Elf:3)
  13 basilisks
  2 hungry ghosts
  4 vampire mosquitoes (D:15)
  A chaos spawn (Orc:2)
  5 mottled dragons
  Edmund (D:5)
  A soldier ant (D:15)
  9 wargs
  64 nagas
  A swamp worm (shapeshifter) (Elf:3)
  7 swamp worms (Lair:4)
  13 water moccasins
  15 hell hounds
  9 porcupines
  A sky beast (D:10)
  54 orc warriors
  3 black bears
  The ghost of Azzok the Skirmisher, an amateur CeFi (D:3)
  4 phantoms
  5 eyes of draining
  69 ogres
  14 wolves
  2 alligator simulacra (IceCv)
  8 ice beasts
  12 boggarts
  An eye of draining (shapeshifter) (Vaults:1)
  30 centaurs
  11 crocodiles
  4 big kobolds
  A rime drake skeleton (Crypt:1)
  A human skeleton (Vaults:3)
  22 bullfrogs
  2 earth elementals (Elf:2)
  A wyvern skeleton (D:9)
  A scorpion (D:10)
  A human simulacrum (Vaults:3)
  7 killer bees
  8 wights
  A spectral wolf (Depths:3)
  3 electric eels (D:13)
  6 howler monkeys
  5 lava snakes (Lair:6)
  3 crimson imps
  7 draconian simulacra (IceCv)
  A quasit (D:14)
  2 jellies
  Crazy Yiuf (D:2)
  40 orc priests
  7 centaur skeletons
  7 hounds
  30 orc wizards
  2 bullfrog skeletons (D:8)
  An iguana (D:7)
  12 worker ants
  A polar bear simulacrum (IceCv)
  6 troll simulacra (IceCv)
  A wolf simulacrum (IceCv)
  4 hound zombies
  A felid skeleton (Crypt:1)
  2 worker ant zombies
  13 adders
  4 gnolls
  3 naga simulacra (IceCv)
  4 ogre simulacra (IceCv)
  A river rat (D:3)
  12 shadow imps
  12 white imps (IceCv)
  An ooze (Sewer)
  An adder zombie (D:9)
  An adder skeleton (D:5)
  An iguana skeleton (Crypt:1)
  13 worms
  2 dart slugs
  10 leopard geckos
  114 orcs
  15 bats
  9 giant cockroaches
  10 hobgoblins
  13 jackals
  2 quokkas
  3 ball pythons
  5 frilled lizards
  5 goblins
  25 kobolds
  A leopard gecko zombie (D:5)
  A quokka skeleton (D:8)
  6 rats
  A butterfly (D:5)
  4 fungi
  3 plants
  2 tentacles
2436 creatures vanquished.

Vanquished Creatures (collateral kills)
  The ghost of Azzok the Merry Centaur, a legendary CeFi of the Shining One (Depths:1)
  Vashnia (Snake:2)
  Jory (Depths:3)
  A deep elf master archer (Elf:3)
  A vampire knight (Depths:3)
  A naga warrior (Snake:4)
  A centaur warrior (Depths:1)
  A guardian serpent (Snake:4)
  A naga mage (Snake:4)
  2 black mambas (Snake:4)
  A naga (Snake:4)
  An ogre (Depths:1)
13 creatures vanquished.

Vanquished Creatures (others)
  A merfolk aquamancer (Shoals:4)
  A black mamba (Snake:4)
  13 fungi
  9 plants
  21 tentacles
45 creatures vanquished.

Grand Total: 2494 creatures vanquished

Notes
Turn   | Place    | Note
-------+----------+-------------------------------------------
     0 | D:1      | Azzok the Centaur Berserker began the quest for the Orb.
     0 | D:1      | Reached XP level 1. HP: 19/19 MP: 1/1
    37 | D:1      | Reached XP level 2. HP: 26/26 MP: 2/2
   377 | D:1      | Reached XP level 3. HP: 27/31 MP: 3/3
   946 | D:2      | Reached ** piety under Trog
  1134 | D:2      | Reached XP level 4. HP: 38/41 MP: 4/4
  1613 | D:2      | Found a runed door.
  1617 | D:2      | Noticed Crazy Yiuf
  1622 | D:2      | Killed Crazy Yiuf
  1622 | D:2      | Reached skill level 5 in Fighting
  1768 | D:3      | Found a blossoming altar of Fedhas.
  1770 | D:3      | Noticed Azzok's ghost (amateur CeFi)
  1777 | D:3      | Killed Azzok's ghost
  1777 | D:3      | Reached XP level 5. HP: 50/50 MP: 5/5
  1941 | D:3      | Found a shimmering altar of Xom.
  2413 | D:4      | Noticed a phantom
  2432 | D:4      | Killed a phantom
  2432 | D:4      | Reached XP level 6. HP: 55/58 MP: 6/6
  2597 | D:4      | Reached *** piety under Trog
  2654 | D:4      | Found a white marble altar of Elyvilon.
  2677 | D:4      | Noticed Eustachio
  2684 | D:4      | Killed Eustachio
  2872 | D:4      | Found Cigaos's Assorted Antiques.
  3014 | D:4      | Reached XP level 7. HP: 67/67 MP: 7/7
  3105 | D:5      | Entered Level 5 of the Dungeon
  3219 | D:5      | Noticed Edmund
  3220 | D:5      | Found a deep blue altar of Sif Muna.
  3224 | D:5      | Killed Edmund
  3356 | D:5      | Got a shimmering dagger
  3403 | D:5      | Noticed Grinder
  3418 | D:5      | Killed Grinder
  3467 | D:5      | Found a staircase to the Ecumenical Temple.
  3504 | D:5      | Reached XP level 8. HP: 78/78 MP: 8/8
  3896 | D:6      | Noticed Sigmund
  3896 | D:6      | Noticed a two-headed ogre
  3903 | D:5      | Killed a two-headed ogre
  3903 | D:5      | Reached skill level 10 in Fighting
  4196 | D:6      | Found a glowing drain.
  4200 | Sewer    | Entered a sewer
  4253 | Sewer    | Reached **** piety under Trog
  4669 | D:6      | Found a sparkling altar of Nemelex Xobeh.
  4682 | D:6      | Killed Sigmund
  5074 | D:6      | Reached XP level 9. HP: 90/90 MP: 9/9
  5622 | D:6      | Reached ***** piety under Trog
  6151 | D:7      | Reached skill level 5 in Bows
  6673 | D:7      | Paralysed by a hornet for 1 turns
  6741 | D:7      | Received a gift from Trog
  6973 | D:7      | Found a shattered altar of Ashenzari.
  7498 | D:8      | Noticed Azzok's ghost (novice CeBe)
  7531 | D:8      | Killed Azzok's ghost
  7531 | D:8      | Reached skill level 10 in Bows
  7531 | D:8      | Reached XP level 10. HP: 97/97 MP: 10/10
  7920 | D:8      | Found Fyibeap's Weapon Shop.
  7923 | D:8      | Found Kibrul's Jewellery Boutique.
  7990 | D:8      | Received a gift from Trog
  8007 | D:8      | Got a twisted broad axe {god gift}
  8008 | D:8      | Identified the +4 dagger of Bafreot {venom, rC+ MR++} (You found it on level 5 of the Dungeon)
  8009 | D:8      | Identified the +14 broad axe of Ytzokehu {chop, +Inv Str+3 Dex+3} (Trog gifted it to you on level 8 of the Dungeon)
  8021 | D:8      | Bought an uncursed ring of protection from fire for 275 gold pieces
  8104 | D:8      | You fall through a shaft for 2 floors!
  8104 | D:10     | Entered Level 10 of the Dungeon
  8292 | D:10     | Found a portal to a secret trove of treasure.
  8293 | D:10     | Noticed Urug
  8305 | D:10     | Killed Urug
  8362 | D:10     | Noticed Sonja
  8363 | D:10     | Noticed Harold
  8379 | D:10     | Killed Harold
  8695 | D:10     | Killed Sonja
  8845 | D:9      | Found a staircase to the Lair.
  9064 | D:9      | Noticed Erolcha
  9080 | D:9      | Killed Erolcha
  9080 | D:9      | Reached XP level 11. HP: 104/104 MP: 11/11
  9109 | D:9      | Reached skill level 15 in Bows
  9942 | D:9      | Found Opleg's Antique Weapon Emporium.
 10088 | D:8      | Found Itteimih's Jewellery Emporium.
 10093 | D:8      | Paralysed by a hornet for 1 turns
 10186 | D:8      | Bought a cursed amulet of inaccuracy for 26 gold pieces
 10192 | D:8      | Found a sacrificial altar of Ru.
 10193 | D:8      | Found a glowing silver altar of Zin.
 10564 | D:8      | Found Geasell's Book Boutique.
 11422 | D:10     | Received a gift from Trog
 11801 | D:11     | Reached ****** piety under Trog
 11998 | D:11     | Received a gift from Trog
 12306 | D:12     | Reached XP level 12. HP: 111/112 MP: 12/12
 12313 | D:12     | Found a staircase to the Orcish Mines.
 12400 | D:12     | Found a frozen archway.
 12409 | IceCv    | Entered an ice cave
 13094 | IceCv    | Found an ancient bone altar of Kikubaaqudgha.
 13400 | IceCv    | Received a gift from Trog
 13406 | IceCv    | Got a smoking battleaxe {god gift}
 13915 | D:12     | Noticed a seven-headed hydra
 13915 | D:12     | Killed a seven-headed hydra
 14007 | D:12     | Identified the +7 battleaxe of Subterfuge {chop, rPois rN++} (Trog gifted it to you in an ice cave)
 14211 | D:12     | Found a runed door.
 14218 | D:12     | Noticed a crystal guardian
 14218 | D:12     | Noticed a crystal guardian
 14653 | Lair:1   | Entered Level 1 of the Lair of Beasts
 15118 | Lair:1   | Noticed Grum
 15122 | Lair:1   | Killed Grum
 15309 | Lair:1   | Noticed a six-headed hydra
 15315 | Lair:1   | Killed a six-headed hydra
 15315 | Lair:1   | Received a gift from Trog
 15690 | Lair:2   | Found a burning altar of Makhleb.
 15814 | Lair:2   | Reached XP level 13. HP: 85/118 MP: 13/13
 16443 | Lair:3   | Received a gift from Trog
 17200 | Lair:3   | Found a staircase to the Shoals.
 17537 | Lair:4   | Found a staircase to the Snake Pit.
 18906 | Lair:5   | Found a viscous altar of Jiyva.
 18906 | Lair:5   | Found a staircase to the Slime Pits.
 19934 | Lair:6   | Entered Level 6 of the Lair of Beasts
 21011 | Lair:6   | Received a gift from Trog
 21056 | Lair:6   | Reached XP level 14. HP: 126/126 MP: 14/14
 22377 | Lair:6   | Found a large runed door.
 22378 | Lair:6   | Found a large runed door.
 22485 | Lair:6   | Received a gift from Trog
 23519 | D:10     | You paid a toll of 5 scrolls of blinking to enter a treasure trove
 23520 | Trove    | Entered a treasure trove
 23556 | Trove    | Got a steaming golden amulet
 23580 | Trove    | Got an ichor-stained great sword
 23653 | D:10     | Identified the +8 great sword of Honour {flame, Dex+4} (You found it in a treasure trove)
 23655 | D:10     | Identified the amulet "Dagooz" {rElec rN+ Regen+ SInv} (You found it in a treasure trove)
 23690 | D:10     | Received a gift from Trog
 25108 | D:12     | Identified the Grimoire of Sinister Orientation
 25667 | D:13     | Found a basalt altar of Yredelemnul.
 26209 | D:14     | Received a gift from Trog
 26528 | D:14     | Reached XP level 15. HP: 133/133 MP: 15/15
 26751 | D:14     | Found a gate to the Vaults.
 26886 | D:14     | Reached skill level 27 in Bows
 27194 | D:15     | Entered Level 15 of the Dungeon
 27903 | D:15     | Found a staircase to the Depths.
 27967 | D:15     | Found a deep blue altar of Sif Muna.
 27968 | D:15     | Found an ancient bone altar of Kikubaaqudgha.
 27968 | D:15     | Found a shattered altar of Ashenzari.
 28133 | D:15     | Noticed a tengu reaver
 28140 | D:15     | Killed a tengu reaver
 28140 | D:15     | Received a gift from Trog
 28312 | D:15     | Received a gift from Trog
 28405 | D:15     | Reached skill level 5 in Armour
 28415 | D:15     | Received a gift from Trog
 28697 | D:15     | Noticed a frost giant
 28706 | D:15     | Killed a frost giant
 28823 | D:15     | Noticed a tengu reaver
 28831 | D:15     | Killed a tengu reaver
 29462 | D:15     | Received a gift from Trog
 29504 | D:15     | Reached XP level 16. HP: 125/145 MP: 16/16
 30073 | D:15     | Received a gift from Trog
 30183 | D:15     | Identified the Reference Book on Unholy Changing
 30504 | Orc:1    | Entered Level 1 of the Orcish Mines
 30515 | Orc:1    | Found a roughly hewn altar of Beogh.
 30608 | Orc:1    | Found a roughly hewn altar of Beogh.
 30662 | Orc:1    | Noticed Nergalle
 30673 | Orc:1    | Killed Nergalle
 30932 | Orc:2    | Entered Level 2 of the Orcish Mines
 30937 | Orc:2    | Received a gift from Trog
 31044 | Orc:2    | Found a staircase to the Elven Halls.
 31221 | Orc:2    | Received a gift from Trog
 31244 | Orc:2    | Found Qeepneisk's Food Shoppe.
 31245 | Orc:2    | Found Kuog's Distillery.
 31365 | Orc:2    | Received a gift from Trog
 31377 | Orc:2    | Bought a potion of heal wounds for 70 gold pieces
 31377 | Orc:2    | Bought a potion of curing for 42 gold pieces
 31377 | Orc:2    | Bought a potion of agility for 56 gold pieces
 31490 | Orc:2    | Received a gift from Trog
 32751 | Orc:2    | Found Usollef's Gadget Shop.
 32751 | Orc:2    | Found a one-way gate leading to the halls of Pandemonium.
 32751 | Orc:2    | Found Jyklan's Antique Armour Boutique.
 32898 | Orc:2    | Reached skill level 15 in Fighting
 33271 | Orc:2    | Bought a potion of mutation for 35 gold pieces
 33271 | Orc:2    | Bought a potion of mutation for 35 gold pieces
 33271 | Orc:2    | Bought a potion of cure mutation for 350 gold pieces
 33271 | Orc:2    | Bought a potion of magic for 112 gold pieces
 33514 | Snake:1  | Entered Level 1 of the Snake Pit
 34784 | Snake:2  | Noticed Vashnia
 35303 | Snake:2  | Killed Vashnia
 35559 | Snake:2  | Reached XP level 17. HP: 132/158 MP: 17/17
 35665 | Snake:2  | Received a gift from Trog
 36301 | Snake:2  | Received a gift from Trog
 37023 | Snake:3  | Reached skill level 10 in Armour
 37099 | Snake:3  | Noticed Louise
 37123 | Snake:3  | Killed Louise
 38721 | Snake:4  | Entered Level 4 of the Snake Pit
 38910 | Snake:4  | Received a gift from Trog
 39141 | Snake:4  | HP: 2/162 [naga/trident (11)]
 39323 | Snake:4  | Reached XP level 18. HP: 145/170 MP: 18/18
 39493 | Snake:4  | Got a steaming scale mail
 39795 | Snake:4  | Received a gift from Trog
 39859 | Snake:4  | Received a gift from Trog
 40456 | Snake:4  | Got a serpentine rune of Zot
 41015 | Lair:1   | Identified the +7 scale mail of Agid {rF+} (You found it on level 4 of the Snake Pit)
 41100 | Lair:1   | Identified 2 scrolls of acquirement
 41180 | Shoals:1 | Entered Level 1 of the Shoals
 41430 | Shoals:1 | Found Komeh's Antique Weapon Emporium.
 41434 | Shoals:1 | Received a gift from Trog
 41503 | Shoals:1 | Noticed Azzok's ghost (journeyman MiFi)
 41510 | Shoals:1 | Killed Azzok's ghost
 41551 | Shoals:1 | Noticed Donald
 41564 | Shoals:1 | Killed Donald
 42136 | Shoals:2 | You fall through a shaft!
 42243 | Shoals:3 | Found Heh Jaing's General Store.
 42280 | Shoals:3 | Got a warped trident
 42824 | Shoals:3 | Reached XP level 19. HP: 169/181 MP: 19/19
 42949 | Shoals:3 | Got a clouded glass ring
 42950 | Shoals:3 | Identified the ring "Foklampi" {Str-2 Int+5 Dex+3 SInv Stlth+} (You acquired it on level 3 of the Shoals)
 42954 | Shoals:3 | Got a brightly glowing graven amulet
 42955 | Shoals:3 | Identified the amulet "Veguixt" {RegenMP *Slow rF+ Str+4} (You acquired it on level 3 of the Shoals)
 42957 | Shoals:3 | Identified the +5 trident of Woek {flame, -Tele rElec rN++ SInv} (You found it on level 3 of the Shoals)
 43479 | Shoals:4 | Entered Level 4 of the Shoals
 44464 | Shoals:4 | Received a gift from Trog
 44633 | Shoals:4 | Noticed Ilsuiw
 44642 | Shoals:4 | Killed Ilsuiw
 44696 | Shoals:4 | Got an ebony long sword
 44760 | Shoals:4 | Received a gift from Trog
 45116 | Shoals:4 | Got a barnacled rune of Zot
 45824 | Vaults:1 | Entered Level 1 of the Vaults
 45839 | Vaults:1 | Received a gift from Trog
 45903 | Vaults:1 | Received a gift from Trog
 46254 | Vaults:1 | Received a gift from Trog
 46315 | Vaults:1 | Noticed Nikola
 46326 | Vaults:1 | Killed Nikola
 46843 | Vaults:1 | Received a gift from Trog
 47133 | Vaults:1 | Received a gift from Trog
 47816 | Vaults:1 | Noticed Aizul
 47823 | Vaults:1 | Killed Aizul
 48139 | Vaults:2 | Reached XP level 20. HP: 173/193 MP: 20/20
 48413 | Vaults:2 | Received a gift from Trog
 48558 | Vaults:2 | Noticed Sojobo
 48569 | Vaults:2 | Killed Sojobo
 49394 | Vaults:2 | Received a gift from Trog
 49755 | Vaults:2 | Got a translucent bronze amulet
 49990 | Vaults:2 | Reached skill level 15 in Armour
 50538 | Vaults:3 | Found a staircase to the Crypt.
 50846 | Vaults:3 | Received a gift from Trog
 51706 | Vaults:3 | Found Sogeipei's General Store.
 51721 | Vaults:3 | Bought a scroll of enchant weapon for 157 gold pieces
 51912 | Vaults:3 | Reached XP level 21. HP: 175/205 MP: 21/21
 52332 | Vaults:4 | Received a gift from Trog
 52410 | Vaults:4 | Noticed Saint Roka
 52443 | Vaults:4 | Killed Saint Roka
 52669 | Vaults:4 | Received a gift from Trog
 53003 | Vaults:4 | Found a blossoming altar of Fedhas.
 53946 | Vaults:4 | Received a gift from Trog
 54832 | D:4      | Bought a scroll of identify for 42 gold pieces
 54832 | D:4      | Bought a scroll of enchant weapon for 157 gold pieces
 54832 | D:4      | Identified the amulet of the Fiend {Faith Dex+4} (You took it off a necromancer on level 2 of the Vaults)
 55262 | Depths:1 | Entered Level 1 of the Depths
 55262 | Depths:1 | Found Tuesmu's Distillery.
 55269 | Depths:1 | Bought a potion of heal wounds for 115 gold pieces
 55269 | Depths:1 | Bought a potion of heal wounds for 115 gold pieces
 55490 | D:15     | Received a gift from Trog
 55628 | Depths:1 | Noticed Azzok's ghost (legendary CeFi)
 55646 | Depths:1 | Killed Azzok's ghost
 55845 | Depths:1 | Found Dymotoit's Jewellery Shoppe.
 55846 | Depths:1 | Found Varph's Gadget Boutique.
 55846 | Depths:1 | Found Irykk's Gadget Boutique.
 55854 | Depths:1 | Bought a cursed ring of loudness for 99 gold pieces
 55854 | Depths:1 | Bought a cursed -3 ring of intelligence for 44 gold pieces
 56312 | Depths:1 | Found a gateway to a ziggurat.
 56344 | Depths:1 | Found a gateway to Hell.
 56361 | Depths:1 | Got a clouded wooden ring
 56362 | Depths:1 | Identified the ring of Acosoneb {rC+ Dex+5} (You acquired it on level 1 of the Depths)
 56662 | Depths:2 | Reached XP level 22. HP: 159/217 MP: 22/22
 56841 | Depths:2 | Identified the Compendium of Unholy Magic and Transmutation
 57037 | Depths:2 | Found a one-way gate to the infinite horrors of the Abyss.
 57043 | Depths:2 | Received a gift from Trog
 57597 | Depths:2 | Received a gift from Trog
 58466 | Depths:3 | Got a sparkling lead amulet
 58467 | Depths:3 | Identified the amulet of Konoc {RegenMP rElec MR++ Int-4} (You acquired it on level 3 of the Depths)
 58530 | Depths:3 | Reached XP level 23. HP: 227/227 MP: 23/23
 58699 | Depths:3 | Received a gift from Trog
 59426 | Depths:3 | Found a basalt altar of Yredelemnul.
 59426 | Depths:3 | Noticed Jory
 59442 | Depths:3 | Killed Jory
 60330 | Depths:4 | Found Doirauz's Gadget Shop.
 60448 | Depths:4 | Reached XP level 24. HP: 230/239 MP: 23/23
 61092 | Depths:5 | Entered Level 5 of the Depths
 61434 | Depths:5 | Received a gift from Trog
 62023 | Depths:5 | Received a gift from Trog
 62100 | Depths:5 | Found a gate to the Realm of Zot.
 62726 | Elf:1    | Entered Level 1 of the Elven Halls
 63833 | Elf:2    | Found Heijag's Food Shoppe.
 63858 | Elf:2    | Received a gift from Trog
 64020 | Elf:2    | Found Pucaod's Armour Boutique.
 64026 | Elf:2    | Bought the +3 helmet of the Trees {*Slow rF++ Int+3 Dex-2} for 567 gold pieces
 64058 | Elf:2    | Found a runed gate.
 64058 | Elf:2    | Found a runed gate.
 64058 | Elf:2    | Found a runed gate.
 64109 | Elf:2    | Received a gift from Trog
 64714 | Elf:3    | Entered Level 3 of the Elven Halls
 64775 | Elf:3    | Found Buufu's Food Boutique.
 64802 | Elf:3    | Found Hyurph's Jewellery Shoppe.
 64924 | Elf:3    | Received a gift from Trog
 65028 | Elf:3    | Noticed Azzok's ghost (adept CeBe)
 65189 | Elf:3    | Got a sparkling tin ring
 65785 | Elf:3    | Killed Azzok's ghost
 65913 | Elf:3    | Found Momidd's Antique Armour Shoppe.
 65979 | Elf:3    | Found Ifutepac's Gadget Shop.
 65998 | Elf:3    | Received a gift from Trog
 67610 | Elf:3    | Identified Vun Kack's Collected Works on Spatial Good Luck
 67619 | Elf:3    | Identified the Papyrus of Creative Earth
 67623 | Elf:3    | Identified Sif Muna's Grimoire of Feathery Earth
 67637 | Elf:3    | Identified the Collected Works on Envenoming and the Escort
 67669 | Elf:3    | Identified the ring "Esesum" {rC+ Dex+3} (You took it off a deep elf mage on level 3 of the Elven Halls)
 67723 | Elf:3    | Received a gift from Trog
 67723 | Elf:3    | Reached XP level 25. HP: 247/250 MP: 23/23
 68055 | Slime:1  | Entered Level 1 of the Pits of Slime
 68131 | Slime:2  | Received a gift from Trog
 68697 | Slime:4  | Noticed Dissolution
 68753 | Slime:4  | Gained mutation: You expend magic power (3 MP) to strengthen your wands. [a shining eye]
 69003 | Slime:5  | Entered Level 5 of the Pits of Slime
 69003 | Slime:5  | Noticed mcbry's ghost (master MfGl)
 69014 | Slime:5  | Killed mcbry's ghost
 69172 | Slime:5  | Noticed the Royal Jelly
 69203 | Slime:5  | Killed the Royal Jelly
 69489 | Slime:5  | Got a transparent longbow
 69516 | Slime:5  | Got a slimy rune of Zot
 69518 | Slime:5  | Got a faintly humming scale mail
 69525 | Slime:5  | Got a shimmering scale mail
 69556 | Slime:5  | Gained mutation: You occasionally shout uncontrollably at your foes. [a shining eye]
 69567 | Slime:5  | Received a gift from Trog
 69760 | Slime:5  | Identified the +4 longbow of Dipsos {flame, Int+2} (You found it on level 5 of the Pits of Slime)
 69762 | Slime:5  | Identified the +5 scale mail "Igeajaapt" {rPois Str+4} (You found it on level 5 of the Pits of Slime)
 69764 | Slime:5  | Identified the cursed +1 scale mail of Quantum Leap {Slay+2 SInv} (You found it on level 5 of the Pits of Slime)
 69952 | Lair:1   | Gained mutation: You evolve. [potion of mutation]
 69952 | Lair:1   | Gained mutation: Your flesh is cold resistant. (rC+) [potion of mutation]
 69952 | Lair:1   | Gained mutation: Your system is resistant to poisons. (rPois) [potion of mutation]
 70015 | Lair:1   | Gained mutation: You possess an exceptional clarity of mind. [potion of beneficial mutation]
 70278 | Vaults:5 | Entered Level 5 of the Vaults
 72273 | Vaults:5 | Received a gift from Trog
 72306 | Vaults:5 | Lost mutation: You expend magic power (3 MP) to strengthen your wands. [evolution]
 72415 | Vaults:5 | Noticed an ancient lich
 72441 | Vaults:4 | Killed an ancient lich
 72667 | Vaults:5 | Reached XP level 26. HP: 221/264 MP: 23/23
 72953 | Vaults:5 | Got a brightly glowing bronze ring
 73187 | Vaults:5 | Reached skill level 27 in Fighting
 73267 | Vaults:5 | Received a gift from Trog
 73467 | Vaults:5 | Received a gift from Trog
 73697 | Vaults:5 | Received a gift from Trog
 73834 | Vaults:5 | Found Atimniqo's Food Boutique.
 75084 | Vaults:5 | Received a gift from Trog
 75383 | Vaults:5 | Got a silver rune of Zot
 75822 | Lair:1   | Identified the ring "Wakauwou" {rF+ MR+ Str-4 Int+4} (You found it on level 5 of the Vaults)
 75953 | Temple   | Entered the Ecumenical Temple
 76098 | Temple   | Fell from the grace of Trog
 76098 | Temple   | Became a worshipper of the Shining One
 76458 | Crypt:1  | Entered Level 1 of the Crypt
 76556 | Crypt:1  | Reached * piety under the Shining One
 76587 | Crypt:1  | Reached skill level 1 in Invocations
 76634 | Vaults:3 | HP: 12/266 [ogre/giant club[the rage of Trog] (8)]
 76634 | Vaults:3 | HP: 1/266 [deep troll[the rage of Trog] (11)]
 76634 | Vaults:3 | Mangled by a deep troll

Skill      XL: |  1  2  3  4  5  6  7  8  9 10 11 12 13 14 15 16 17 18 19 20 21 22 23 24 25 26 |
---------------+-------------------------------------------------------------------------------+-----
Fighting       | 4 5 6 7 9 11 12 13 15 17 18 20 21 22 23 24 25 26 27 | 27.0
Bows           | 10 14 18 21 24 26 27 | 27.0
Armour         | 6 9 11 12 14 15 16 17 19 20 21 | 21.7
Invocations    | 2 |  2.3
Long Blades    | |  2.8
Dodging        | |  1.7

Action                   |  1- 3 |  4- 6 |  7- 9 | 10-12 | 13-15 | 16-18 | 19-21 | 22-24 | 25-27 || total
-------------------------+-------+-------+-------+-------+-------+-------+-------+-------+-------++-------
Melee: Falchion          |   130 |    27 |       |       |       |       |       |       |       ||   157
       Kick              |    25 |    24 |    77 |    80 |     1 |       |     5 |       |       ||   212
       Quarterstaff      |       |    76 |   295 |    37 |       |       |       |       |       ||   408
       Broad axe         |       |       |       |   211 |     7 |       |    16 |       |       ||   234
 Fire: Longbow           |       |       |       |   353 |  1081 |  1711 |  1804 |  1384 |  1199 ||  7532
Invok: Berserk           |     3 |     2 |    15 |    12 |       |       |     1 |       |       ||    33
       Trog's Hand       |       |       |       |       |     1 |     2 |     4 |     2 |     1 ||    10
       Brothers in Arms  |       |       |       |       |       |     3 |     2 |     2 |       ||     7
Evoke: Wand              |       |     2 |       |       |     4 |       |       |     1 |       ||     7
  Use: Scroll            |       |     9 |     3 |    17 |    10 |     9 |    12 |    11 |    14 ||    85
       Potion            |       |       |       |     1 |     1 |     3 |     3 |     1 |     6 ||    15
 Stab: Paralysed         |       |     3 |       |       |       |       |       |       |       ||     3
       Petrified         |       |       |     1 |       |       |       |       |       |       ||     1
       Distracted        |       |       |       |       |       |       |     1 |       |       ||     1
  Eat: Chunk             |     3 |     7 |    24 |    23 |    32 |    29 |    38 |    26 |    16 ||   198
       Beef jerky        |       |       |       |     5 |       |       |       |       |       ||     5
       Fruit             |       |       |       |     2 |     2 |     4 |       |       |     8 ||    16
       Pizza             |       |       |       |     1 |       |       |       |       |       ||     1
       Royal jelly       |       |       |       |     1 |       |     1 |       |       |       ||     2
Armor: Animal skin       |     4 |       |       |       |       |       |       |       |       ||     4
       Chain mail        |    97 |    53 |   240 |   321 |   241 |    13 |       |       |       ||   965
       Plate armour      |       |       |       |       |       |   269 |    32 |       |       ||   301
       Scale mail        |       |       |       |       |       |    81 |   339 |   135 |       ||   555
       Gold dragon scale |       |       |       |       |       |       |       |   106 |   335 ||   441
       Skin              |       |       |       |       |       |       |       |       |     2 ||     2
Dodge: Dodged            |    50 |    24 |   105 |    85 |    41 |    77 |   134 |    65 |    55 ||   636
       Rpst.: Falchion   |    15 |     3 |       |       |       |       |       |       |       ||    18
